 Dungeon Crawl Stone Soup version 0.20-b1-2-gc5a9893 (webtiles) character file.

31327 mike2R the Thrower (level 13, -10/99 HPs)
             Began as a Demonspawn Gladiator on May 22, 2017.
             Was a High Priest of Okawaru.
             Killed by divine providence
             ... invoked by a meliai
              (15 damage)
             ... on level 5 of the Lair of Beasts.
             The game lasted 01:55:32 (18947 turns).

mike2R the Thrower (Demonspawn Gladiator)          Turns: 18947, Time: 01:55:33

Health: -10/99     AC: 23    Str: 18    XL:     13   Next: 25%
Magic:  17/18      EV: 16    Int: 16    God:    Okawaru [*****.]
Gold:   764        SH:  6    Dex: 11    Spells: 4/12 levels left

rFire    . . .     SeeInvis .   a - +6 flail (venom)
rCold    + + +     Gourm    .   g - +0 buckler "Batwy" {MR+ Int+4}
rNeg     . . .     Faith    .   r - +1 chain mail of Distant Shores {rC++ Dex-5}
rPois    +         Spirit   .   v - +2 hat
rElec    .         Reflect  .   t - scarf {cloud immunity}
rCorr    .         Harm     .   (no gloves)
MR       +....                  M - +2 pair of boots
Stlth    ..........             c - amulet of magic regeneration
Regen    0.0/turn               H - ring of protection from cold
MPRegen  0.3/turn               j - +5 ring of evasion

@: about to teleport, heroism, finesse
A: antennae 2, slimy green scales 3, inhibited regeneration, spiny 3, strong 1,
wild magic 1, rot immunity
a: Heroism, Finesse, Renounce Religion


You were on level 5 of the Lair of Beasts.
You worshipped Okawaru.
Okawaru was extremely pleased with you.
You were not hungry.

You visited 3 branches of the dungeon, and saw 14 of its levels.
You also visited: Ice Cave.

You collected 764 gold pieces.

Inventory:

Hand Weapons
 a - a +6 flail of venom (weapon)
 b - a +0 blowgun
Missiles
 d - 4 tomahawks
 l - 4 needles of sleeping
 p - 5 poisoned javelins (quivered)
 x - 3 curare-tipped needles
 F - 4 javelins of returning
 Y - 4 steel tomahawks
Armour
 g - the +0 buckler "Batwy" (worn) {MR+ Int+4}
   (You found it on level 4 of the Dungeon)

   It affects your intelligence (+4).
   It affects your resistance to hostile enchantments.
 r - the +1 chain mail of Distant Shores (worn) {rC++ Dex-5}
   (You found it in an ice cave)

   It affects your dexterity (-5).
   It greatly protects you from cold.
 t - a scarf of cloud immunity (worn)
 v - a +2 hat (worn)
 M - a +2 pair of boots (worn)
Jewellery
 c - an amulet of magic regeneration (around neck)
 j - a +5 ring of evasion (right hand)
 n - an uncursed ring of stealth
 H - a ring of protection from cold (left hand)
Wands
 D - a wand of digging (15/24)
 G - a wand of lightning (6/15)
Scrolls
 h - 4 scrolls of fear
 q - 2 scrolls of blinking
 w - a scroll of silence
 y - 2 scrolls of teleportation
 z - 4 scrolls of remove curse
 B - a scroll of immolation
 U - 5 scrolls of identify
Potions
 e - 2 potions of curing
 f - a potion of ambrosia
 i - 2 potions of lignification
 s - 2 potions of flight
 I - 2 potions of might
 J - a potion of haste
 O - a potion of resistance
Miscellaneous
 P - a lamp of fire
Comestibles
 k - 5 meat rations
 m - 16 fruits
 o - 7 royal jellies
 u - 2 chunks of flesh
 A - 2 bread rations


   Skills:
 - Level 8.3(13.3) Fighting
 - Level 8.7(13.7) Maces & Flails
 + Level 10.3(15.3) Throwing
 - Level 8.2(13.2) Armour
 - Level 2.6(7.6) Dodging
 - Level 6.0(11.0) Shields
 - Level 7.2 Hexes
 - Level 6.8 Ice Magic
 - Level 7.1 Invocations


You had 4 spell levels left.
You knew the following spells:

 Your Spells              Type           Power        Failure   Level  Hunger
a - Ensorcelled Hibernat  Hex/Ice        ####..       22%         2    ###....
b - Confuse               Hex            ####....     34%         3    ####...
c - Tukima's Dance        Hex            ####....     34%         3    ####...


Dungeon Overview and Level Annotations

Branches:
Dungeon (8/15)             Temple (1/1) D:7            Lair (5/6) D:8
 Shoals (0/4) Lair:3        Snake (0/4) Lair:3
  Slime: Lair:5-6

Altars:
Ashenzari
Cheibriados
Dithmenos
Elyvilon
Fedhas
Gozag
Hepliaklqana
Kikubaaqudgha
Makhleb
Nemelex Xobeh
Okawaru
Qazlal
Ru
Sif Muna
Trog
Uskayaw
Vehumet
Xom
Zin
The Shining One

Shops:
D:4 (


Innate Abilities, Weirdness & Mutations

You have a pair of antennae on your head.
You are completely covered in slimy green scales. (AC +4, rPois)
You are completely covered in sharp spines.
You are immune to rotting.
You do not regenerate when monsters are visible.
Your muscles are strong. (Str +2)
Your spells are a little harder to cast, but a little more powerful.


Message History

The killer bee stings you but does no damage.
The killer bee is struck by your spines.
The killer bee stings you but does no damage.
You block the killer bee's attack. The killer bee barely misses you.
The meliai invokes the aid of its god against you.
Something smites you!
* * * LOW HITPOINT WARNING * * *
Okay, then.
As you read the scroll of teleportation, it crumbles to dust.
You feel strangely unstable.
The killer bee is struck by your spines.
You kill the killer bee!
Okawaru accepts your kill.
The killer bee is struck by your spines.
You kill the killer bee!
Okawaru accepts your kill. You block the killer bee's attack.
The meliai mumbles some strange prayers to its god against you.
Something smites you!
You die...

.......# ......P#
......## .......#
......## #######
.......#####..#PP###
......P.#P#.$.#P.†.###
÷<..............@y...#
...............###y.##
......P.P###.### ##y.#
........## ###.y{{†{##
.......#######.y%{##.
..........##P#%.yy ##
.............#.%.{
###..........####
##.........#.#


You could see a meliai and 2 killer bees.

Vanquished Creatures
  Snorg (Lair:4)
  2 hydras
  A two-headed ogre (D:8)
  A catoblepas (Lair:2)
  The ghost of potatolord6000 the Chopper, a novice HOFi of Gozag (D:7)
  A necromancer (IceCv)
  A torpor snail (Lair:2)
  An ice statue (IceCv)
  4 black mambas
  8 spiny frogs
  Psyche (D:8)
  2 rime drakes
  8 ice devils
  A komodo dragon (Lair:3)
  A meliai (Lair:5)
  4 polar bears
  3 hornets (Lair:4)
  12 blink frogs
  Prince Ribbit (D:7)
  3 dream sheep
  Grinder (D:3)
  9 hippogriffs
  A snapping turtle (Lair:3)
  12 spriggans (Lair:4)
  Sigmund (D:3)
  25 yaks
  A wyvern (Lair:3)
  The ghost of potatolord6000 the Skirmisher, an amateur MiAK of Lugonu (D:4)
  2 basilisks
  3 nagas (Lair:3)
  2 water moccasins
  13 porcupines
  An ice beast (D:5)
  Duvessa (D:6)
  5 orc warriors
  A phantom (D:3)
  2 sky beasts
  4 black bears
  5 wolves (Lair:2)
  3 boggarts (Lair:4)
  2 ogres
  2 centaurs
  7 crocodiles
  13 bullfrogs
  Blork the orc (D:5)
  4 scorpions
  Dowan (D:6)
  8 killer bees (Lair:5)
  An electric eel (Lair:3)
  A howler monkey (D:4)
  3 crimson imps
  4 jellies
  2 draconian simulacra (IceCv)
  4 orc priests
  2 hounds
  A gnoll shaman (D:8)
  An iguana (D:8)
  7 orc wizards
  3 troll simulacra (IceCv)
  5 worker ants
  A spriggan simulacrum (IceCv)
  A centaur simulacrum (IceCv)
  5 gnolls (D:8)
  A howler monkey skeleton (D:7)
  An ogre simulacrum (IceCv)
  10 adders
  2 naga simulacra (IceCv)
  2 oozes
  3 adder skeletons
  3 worms
  A dart slug (D:2)
  5 leopard geckos
  32 orcs
  3 giant cockroaches
  14 goblins
  5 hobgoblins
  10 jackals
  6 kobolds
  6 quokkas
  6 bats
  7 frilled lizards
  9 rats
355 creatures vanquished.

Vanquished Creatures (others)
  4 fungi
  A plant (Lair:2)
5 creatures vanquished.

Grand Total: 360 creatures vanquished

Notes
Turn   | Place    | Note
-------+----------+-------------------------------------------
     0 | D:1      | mike2R the Demonspawn Gladiator began the quest for the Orb.
     0 | D:1      | Reached XP level 1. HP: 16/16 MP: 1/1
   264 | D:1      | Gained mutation: You are partially covered in sharp spines. [demonic ancestry]
   264 | D:1      | Reached XP level 2. HP: 18/22 MP: 2/2
  1021 | D:2      | Gained mutation: You are mostly covered in sharp spines. [demonic ancestry]
  1021 | D:2      | Reached XP level 3. HP: 27/27 MP: 3/3
  1671 | D:2      | Gained mutation: You are partially covered in slimy green scales. (AC +2) [demonic ancestry]
  1671 | D:2      | Reached XP level 4. HP: 33/33 MP: 4/4
  1722 | D:2      | Found an ancient bone altar of Kikubaaqudgha.
  1801 | D:3      | Found a blossoming altar of Fedhas.
  1828 | D:3      | Noticed a phantom
  1869 | D:3      | Noticed Grinder
  1872 | D:3      | Killed a phantom
  1872 | D:3      | Gained mutation: You are mostly covered in slimy green scales. (AC +3) [demonic ancestry]
  1872 | D:3      | Reached XP level 5. HP: 31/38 MP: 5/5
  1888 | D:3      | Killed Grinder
  1888 | D:3      | Gained mutation: You have a pair of small antennae on your head. [demonic ancestry]
  1888 | D:3      | Reached XP level 6. HP: 33/44 MP: 6/6
  1985 | D:3      | Found a sacrificial altar of Ru.
  2024 | D:3      | Learned a level 2 spell: Ensorcelled Hibernation
  2068 | D:3      | Noticed Sigmund
  2092 | D:3      | Killed Sigmund
  2197 | D:3      | Gained mutation: You are immune to rotting. [demonic ancestry]
  2197 | D:3      | Reached XP level 7. HP: 50/50 MP: 7/7
  2611 | D:4      | Got a scorched buckler
  2617 | D:4      | Identified the cursed +0 buckler "Batwy" {MR+ Int+4} (You found it on level 4 of the Dungeon)
  2696 | D:4      | Noticed potatolord6000's ghost (amateur MiAK)
  2717 | D:4      | Killed potatolord6000's ghost
  2985 | D:4      | Found Dudaniv's Weapon Shoppe.
  3153 | D:4      | Reached skill level 5 in Hexes
  3171 | D:4      | Gained mutation: You do not regenerate when monsters are visible. [potion of mutation]
  3171 | D:4      | Gained mutation: Your spells are a little harder to cast, but a little more powerful. [potion of mutation]
  3171 | D:4      | Gained mutation: Your muscles are strong. (Str +2) [potion of mutation]
  3272 | D:5      | Entered Level 5 of the Dungeon
  3309 | D:5      | Found a stormy altar of Qazlal.
  4003 | D:5      | Reached XP level 8. HP: 35/56 MP: 8/8
  4364 | D:5      | Noticed Blork the orc
  4377 | D:5      | Killed Blork the orc
  4669 | D:6      | Found a white marble altar of Elyvilon.
  4808 | D:6      | Reached skill level 5 in Armour
  4997 | D:6      | Noticed Dowan
  5010 | D:6      | Killed Dowan
  5011 | D:6      | Noticed Duvessa
  5031 | D:6      | Killed Duvessa
  5237 | D:6      | Reached skill level 1 in Ice Magic
  5699 | D:7      | Noticed potatolord6000's ghost (novice HOFi)
  5980 | D:7      | Gained mutation: You are completely covered in sharp spines. [demonic ancestry]
  5980 | D:7      | Reached XP level 9. HP: 61/61 MP: 4/9
  6514 | D:7      | Paralysed by a crimson imp for 5 turns
  6531 | D:7      | Killed potatolord6000's ghost
  6824 | D:7      | Noticed Prince Ribbit
  6826 | D:7      | Found a shadowy altar of Dithmenos.
  6866 | D:7      | Killed Prince Ribbit
  7079 | D:7      | Found a staircase to the Ecumenical Temple.
  7084 | Temple   | Entered the Ecumenical Temple
  7159 | Temple   | Became a worshipper of Warmaster Okawaru
  7213 | D:7      | Reached skill level 2 in Throwing
  7500 | D:7      | Reached skill level 3 in Throwing
  7564 | D:7      | Learned a level 3 spell: Confuse
  7857 | D:7      | Reached skill level 4 in Throwing
  8392 | D:8      | Reached * piety under Okawaru
  8392 | D:8      | Reached skill level 5 in Throwing
  8643 | D:8      | Reached XP level 10. HP: 42/67 MP: 5/10
  8802 | D:8      | Reached skill level 1 in Shields
  9013 | D:8      | Found a staircase to the Lair.
  9362 | D:8      | Reached ** piety under Okawaru
  9389 | D:8      | Noticed Psyche
  9390 | D:8      | Noticed a two-headed ogre
  9402 | D:8      | Killed Psyche
  9414 | D:8      | Killed a two-headed ogre
  9414 | D:8      | Reached *** piety under Okawaru
  9798 | D:8      | Reached skill level 5 in Fighting
  9868 | Lair:1   | Entered Level 1 of the Lair of Beasts
  9981 | Lair:1   | Received a gift from Okawaru
  9981 | Lair:1   | Reached skill level 5 in Shields
 10280 | Lair:1   | Noticed a black mamba
 10288 | Lair:1   | Killed a black mamba
 10288 | Lair:1   | Reached skill level 1 in Invocations
 10651 | Lair:1   | Noticed a spiny frog
 10687 | Lair:1   | Killed a spiny frog
 10687 | Lair:1   | Reached **** piety under Okawaru
 10687 | Lair:1   | Reached skill level 5 in Maces & Flails
 10929 | Lair:1   | Gained mutation: You have a pair of antennae on your head. [demonic ancestry]
 10929 | Lair:1   | Reached XP level 11. HP: 61/81 MP: 10/12
 11118 | Lair:1   | Noticed a four-headed hydra
 11131 | Lair:1   | Killed a four-headed hydra
 11240 | Lair:1   | Reached ***** piety under Okawaru
 11625 | Lair:1   | Reached skill level 5 in Invocations
 11791 | Lair:1   | Received a gift from Okawaru
 12042 | Lair:2   | Found a frozen archway.
 12096 | IceCv    | Entered an ice cave
 12797 | IceCv    | Received a gift from Okawaru
 13286 | IceCv    | Noticed a necromancer
 13298 | IceCv    | Killed a necromancer
 13302 | IceCv    | Got a transparent chain mail
 13313 | IceCv    | Identified the cursed +1 chain mail of Distant Shores {rC++ Dex-5} (You found it in an ice cave)
 13834 | Lair:2   | Noticed a four-headed hydra
 13858 | Lair:2   | Killed a four-headed hydra
 13861 | Lair:2   | HP: 4/84 [torpor snail (11)]
 13868 | Lair:2   | Gained mutation: You are completely covered in slimy green scales. (AC +4, rPois) [demonic ancestry]
 13868 | Lair:2   | Reached XP level 12. HP: 15/91 MP: 14/17
 14247 | Lair:2   | Received a gift from Okawaru
 14708 | Lair:2   | Learned a level 3 spell: Tukima's Dance
 14891 | Lair:2   | Noticed a catoblepas
 14906 | Lair:2   | Killed a catoblepas
 15778 | Lair:3   | Found a staircase to the Snake Pit.
 16062 | Lair:3   | Reached skill level 6 in Throwing
 16212 | Lair:3   | Reached skill level 7 in Throwing
 16311 | Lair:3   | Got a polished glaive
 16322 | Lair:3   | Identified the +3 glaive of Nightmares {freeze, Str+3} (You found it on level 3 of the Lair of Beasts)
 16718 | Lair:3   | Found a staircase to the Shoals.
 16836 | Lair:4   | Reached skill level 8 in Throwing
 17127 | Lair:4   | Received a gift from Okawaru
 17621 | Lair:4   | Reached skill level 9 in Throwing
 17621 | Lair:4   | Reached XP level 13. HP: 44/99 MP: 11/18
 17635 | Lair:4   | Received a gift from Okawaru
 17993 | Lair:4   | Noticed Snorg
 18010 | Lair:4   | HP: 3/99 [Snorg (11)]
 18037 | Lair:4   | Killed Snorg
 18037 | Lair:4   | Received a gift from Okawaru
 18578 | Lair:4   | Reached skill level 10 in Throwing
 18947 | Lair:5   | Killed from afar by a meliai

Skill      XL: |  1  2  3  4  5  6  7  8  9 10 11 12 13 |
---------------+----------------------------------------+-----
Maces & Flails | 3 4 5 7 8 |  8.7
Armour         | 2 4 6 7 8 |  8.2
Hexes          | 3 6 7 |  7.2
Ice Magic      | 3 6 |  6.8
Throwing       | 5 9 10 | 10.3
Shields        | 5 6 |  6.0
Fighting       | 6 7 8 |  8.3
Invocations    | 2 7 |  7.1
Dodging        | |  2.6

Action                   |  1- 3 |  4- 6 |  7- 9 | 10-12 | 13-15 || total
-------------------------+-------+-------+-------+-------+-------++-------
Melee: Flail             |    88 |    54 |   380 |   577 |   105 ||  1204
       Whip              |       |       |       |   194 |       ||   194
       Eveningstar       |       |       |       |     3 |       ||     3
Throw: Throwing net      |       |     6 |     7 |       |     1 ||    14
       Tomahawk          |       |     2 |       |    15 |     6 ||    23
       Javelin           |       |       |       |    35 |     8 ||    43
 Cast: Ensorcelled Hiber |       |       |     4 |     3 |       ||     7
       Confuse           |       |       |     5 |    26 |     2 ||    33
Invok: Heroism           |       |       |       |    19 |     3 ||    22
       Finesse           |       |       |       |     6 |     1 ||     7
Evoke: Wand              |       |       |     3 |     1 |       ||     4
  Use: Scroll            |     1 |     1 |    13 |    18 |     2 ||    35
       Potion            |       |     1 |     9 |     7 |     3 ||    20
 Stab: Held in net/web   |       |       |     1 |       |     1 ||     2
       Confused          |       |       |       |     9 |       ||     9
       Sleeping          |       |       |       |     3 |       ||     3
  Eat: Chunk             |     2 |     2 |    22 |    25 |     5 ||    56
       Meat ration       |       |       |       |     2 |       ||     2
       Fruit             |       |       |       |     1 |       ||     1
Armor: Leather armour    |     5 |       |       |       |       ||     5
       Ring mail         |    19 |     1 |       |       |       ||    20
       Scale mail        |       |    22 |   229 |   122 |       ||   373
       Skin              |       |       |     3 |       |       ||     3
       Chain mail        |       |       |       |   174 |    36 ||   210
Dodge: Dodged            |    48 |    19 |   143 |   222 |    57 ||   489
Block: Buckler           |       |       |    51 |   126 |    30 ||   207
